 Dungeon Crawl Stone Soup version 0.19.1-1-g22dce08 (webtiles) character file.

27092 Wiezi the Thaumaturge (level 13, -1/76 HPs)
             Began as a Gargoyle Earth Elementalist on Jan 1, 2017.
             Was an Elder of Vehumet.
             Slain by Rupert
             ... wielding a +1 great mace of protection
              (18 damage)
             ... on level 4 of the Lair of Beasts on Jan 2, 2017.
             The game lasted 01:26:24 (24073 turns).

Wiezi the Thaumaturge (GrEE)                       Turns: 24073, Time: 01:26:24

Health: -1/76      AC: 20    Str: 15    XL:     13   Next: 30%
Magic:  4/37       EV: 17    Int: 21    God:    Vehumet [****..]
Gold:   746        SH:  0    Dex: 10    Spells: 4 memorised, 23 levels left

rFire  . . .     SeeInvis .     f - +4 quarterstaff (chaos)
rCold  + . .     Gourm    .     c - +2 robe {rC+}
rNeg   + . .     Faith    .     (shield currently unavailable)
rPois  ∞         Spirit   .     s - +1 helmet
rElec  +         Reflect  .     g - +1 cloak {MR+}
rCorr  .         Harm     .     (no gloves)
MR     +....                    J - +1 pair of boots
Stlth  ++........               (no amulet)
                                l - ring of magical power
                                E - +3 ring of evasion

@: mighty, very slightly contaminated, hasted, very quick
A: mutation resistance 1, negative energy resistance 1, electricity resistance,
weak 1, unbreathing, petrification resistance, rot immunity, AC +9
a: Renounce Religion


You were on level 4 of the Lair of Beasts.
You worshipped Vehumet.
Vehumet was greatly pleased with you.
You were not hungry.

You visited 3 branches of the dungeon, and saw 16 of its levels.
You also visited: Sewer.

You collected 773 gold pieces.
You spent 27 gold pieces at shops.

Inventory:

Hand Weapons
 f - a +4 quarterstaff of chaos (weapon)
 k - a +0 great mace
 y - a +0 morningstar
 Q - a +2 scimitar of flaming
Missiles
 b - 355 stones (quivered)
Armour
 c - a +2 robe of cold resistance (worn)
 g - a +1 cloak of magic resistance (worn)
 s - a +1 helmet (worn)
 J - a +1 pair of boots (worn)
 K - a +1 leather armour of fire resistance
 O - a +0 troll leather armour
Jewellery
 l - a ring of magical power (right hand)
 u - an uncursed ring of ice
 v - an uncursed ring of resist corrosion
 E - a +3 ring of evasion (left hand)
 R - an uncursed ring of ice
 T - an uncursed ring of fire
Wands
 r - a wand of hasting (3/9)
 F - a wand of confusion (29/48)
 L - a wand of confusion (17/48)
Scrolls
 j - 4 scrolls of teleportation
 w - 2 scrolls of fear
 A - 2 scrolls of remove curse
 I - a scroll of fog
 M - 5 scrolls of magic mapping
 N - a scroll of immolation
Potions
 h - a potion of flight
 n - 5 potions of curing
 o - a potion of resistance
 q - 3 potions of lignification
 B - 2 potions of might
 C - 2 potions of haste
 P - a potion of brilliance
 S - 2 potions of ambrosia
Books
 e - a book of Geomancy

   Spells                             Type                      Level
   a - Sandblast                      Earth                        1
   b - Passwall                       Transmutation/Earth          2
   c - Stone Arrow                    Conjuration/Earth            3
   d - Petrify                        Transmutation/Earth          4
   e - Lee's Rapid Deconstruction     Earth                        5
Comestibles
 a - 5 meat rations
 d - 14 bread rations
 z - 8 slices of pizza
 H - a beef jerky


   Skills:
 + Level 7.3 Fighting
 + Level 6.9 Maces & Flails
 + Level 7.0 Armour
 + Level 6.0 Dodging
 - Level 2.1 Stealth
 * Level 11.9 Spellcasting
 + Level 9.3 Conjurations
   Level 0.7 Transmutations
 + Level 10.8 Earth Magic


You had 23 spell levels left.
You knew the following spells:

 Your Spells              Type           Power        Failure   Level  Hunger
a - Sandblast             Erth           ######       1%          1    None
b - Stone Arrow           Conj/Erth      ######       1%          3    None
c - Lee's Rapid Deconstr  Erth           ######....   1%          5    ####...
d - Mephitic Cloud        Conj/Pois/Air  ####....     1%          3    None


Dungeon Overview and Level Annotations

Branches:
Dungeon (11/15)            Temple (1/1) D:6            Lair (4/6) D:10
  Snake (0/4) Lair:2
  Swamp: Lair:2-4    Shoals: Lair:2-4       Orc: D:9-12

Altars:
Ashenzari
Cheibriados
Dithmenos
Elyvilon
Fedhas
Gozag
Hepliaklqana
Kikubaaqudgha
Makhleb
Nemelex Xobeh
Okawaru
Qazlal
Ru
Sif Muna
Trog
Uskayaw
Vehumet
Xom
Yredelemnul
Zin
The Shining One

Shops:
D:7 *=*}:

Annotations:
Lair:4 Rupert


Innate Abilities, Weirdness & Mutations

You are resistant to torment.
Your stone body is resilient. (AC +9)
You are immune to poison.
You resist negative energy. (rN+)
You are resistant to electric shocks. (rElec)
You can survive without breathing.
You are immune to petrification.
You are immune to rotting.
You are somewhat resistant to further mutation.
You are weak. (Str -2)


Message History

Unknown command.
You feel better.
You hear a shout!
All of the chunks of flesh in your inventory have rotted away.
There is a stone staircase leading up here.
Casting: Stone Arrow
Confirm with . or Enter, or press ? or * to list all spells.
Aiming: Stone Arrow
Press: ? - help, Shift-Dir - straight line, f - Rupert
Aim: Rupert, wielding a great mace of protection and wearing a scale mail (almost dead, berserk, fast, unusually strong)
The stone arrow hits Rupert.
Rupert is almost dead.
Rupert rages.
Evoke which item? (* to show all) (? for menu, Esc to quit)
Zapping:
r - a wand of hasting (4/9)
Press: ? - help, Shift-Dir - straight line, f - you, p - Rupert You feel as though your hastened speed will last longer.
This wand has 3 charges left.
Rupert hits you with a great mace of protection!!
You die...

......##...#...>.P#
......##.#.+.....#
......####.......# ......#
###.#.+P# P##..## ##...# ###.##
##P.### ##### ### ##..#
###..P#.## #P#.###P# #.#..##
###........###...#...# ..##+.#
#.<....@@....+.#..#..#
......###..P.......#...#.....#
......##..PP.........#.#PP...###.
......+...#)...............P.'<..
....@..####............#......#..
......## #..........##.....#.#.##
+....## ##.(......####..+###.##
.#.### #.....##### ###.# ## ....#
#.#...# ...


You could see Rupert (berserk).

Vanquished Creatures
  Fannar (Lair:1)
  2 hydras
  Erica (Lair:1)
  A hill giant (D:10)
  A harpy (shapeshifter) (Lair:1)
  A manticore (D:11)
  A centaur zombie (D:10)
  A black mamba (Lair:3)
  10 elephants
  4 spiny frogs
  A gargoyle (D:10)
  2 komodo dragons
  2 rime drakes (Lair:1)
  2 hornets
  5 trolls
  7 blink frogs
  Grinder (D:3)
  A two-headed ogre (D:10)
  5 hippogriffs
  19 yaks
  Sigmund (D:3)
  A human (D:7)
  Eustachio (D:4)
  2 hogs (D:7)
  3 wyverns
  A mottled dragon (D:11)
  Duvessa (D:4)
  9 water moccasins
  The ghost of Dolanko the Sneak, an amateur SpEn (D:3)
  6 porcupines
  A black bear (D:8)
  4 orc warriors
  4 ice beasts
  4 sky beasts
  An eye of draining (D:10)
  2 ogres
  4 phantoms
  13 wolves (Lair:3)
  A centaur (D:5)
  6 crocodiles
  Blork the orc (D:4)
  2 big kobolds
  A wyvern zombie (D:11)
  14 bullfrogs
  Dowan (D:4)
  A scorpion (D:6)
  6 killer bees (D:11)
  10 wights
  2 jellies
  5 howler monkeys
  2 bullfrog zombies
  5 crimson imps
  5 hounds
  Crazy Yiuf (D:5)
  9 orc wizards
  2 orc priests
  3 bullfrog skeletons
  Ijyb (D:2)
  Natasha (thrice) (D:2)
  5 iguanas
  5 worker ants
  A killer bee zombie (D:7)
  4 hound skeletons
  A worker ant zombie (D:11)
  Robin (D:2)
  A howler monkey skeleton (D:9)
  10 adders
  A river rat (Sewer)
  3 shadow imps
  2 oozes
  An adder zombie (D:5)
  4 worms
  2 dart slugs
  5 leopard geckos
  31 orcs
  9 bats
  6 giant cockroaches
  24 goblins
  9 hobgoblins
  12 jackals
  21 kobolds
  4 quokkas
  2 ball pythons
  6 frilled lizards
  A leopard gecko skeleton (D:6)
  A quokka zombie (D:5)
  9 rats
389 creatures vanquished.

Vanquished Creatures (others)
  7 fungi
  2 plants
9 creatures vanquished.

Grand Total: 398 creatures vanquished

Notes
Turn   | Place    | Note
-------+----------+-------------------------------------------
     0 | D:1      | Wiezi the Gargoyle Earth Elementalist began the quest for the Orb.
     0 | D:1      | Reached XP level 1. HP: 10/10 MP: 3/3
   585 | D:1      | Reached XP level 2. HP: 15/15 MP: 3/5
  1109 | D:1      | Reached XP level 3. HP: 19/19 MP: 7/7
  1114 | D:1      | Learned a level 3 spell: Stone Arrow
  1615 | D:2      | Noticed Ijyb
  1624 | D:2      | Killed Ijyb
  1624 | D:2      | Reached skill level 3 in Spellcasting
  1624 | D:2      | Reached skill level 1 in Conjurations
  1624 | D:2      | Reached XP level 4. HP: 24/24 MP: 2/8
  1754 | D:2      | Noticed Natasha
  1764 | D:2      | Killed Natasha
  2218 | D:2      | Noticed Natasha
  2224 | D:2      | Killed Natasha
  2224 | D:2      | Reached XP level 5. HP: 28/28 MP: 6/10
  2236 | D:2      | Learned a level 5 spell: Lee's Rapid Deconstruction
  2272 | D:2      | Noticed Natasha
  2273 | D:2      | Killed Natasha
  2365 | D:2      | Noticed Robin
  2370 | D:2      | Reached skill level 4 in Spellcasting
  2383 | D:2      | Killed Robin
  2895 | D:3      | Noticed Grinder
  2899 | D:3      | Gained mutation: You are somewhat resistant to further mutation. [potion of mutation]
  2899 | D:3      | Gained mutation: You are weak. (Str -2) [potion of mutation]
  2902 | D:3      | Noticed Sigmund
  2918 | D:3      | Killed Grinder
  2918 | D:3      | Reached skill level 5 in Earth Magic
  2918 | D:3      | Reached XP level 6. HP: 32/32 MP: 3/13
  3158 | D:3      | Killed Sigmund
  3158 | D:3      | Reached skill level 5 in Spellcasting
  3158 | D:3      | Reached XP level 7. HP: 36/36 MP: 9/15
  3790 | D:3      | Noticed Dolanko's ghost (amateur SpEn)
  3852 | D:3      | Killed Dolanko's ghost
  4419 | D:4      | Noticed Blork the orc
  4426 | D:4      | Killed Blork the orc
  4426 | D:4      | Reached skill level 6 in Spellcasting
  4471 | D:4      | Reached XP level 8. HP: 41/41 MP: 2/17
  5661 | D:4      | Noticed Dowan
  5663 | D:4      | Noticed Duvessa
  5665 | D:4      | Killed Duvessa
  5665 | D:4      | Reached skill level 7 in Spellcasting
  5667 | D:4      | Killed Dowan
  5667 | D:4      | Reached skill level 5 in Conjurations
  6150 | D:4      | Noticed Eustachio
  6166 | D:4      | Killed Eustachio
  6523 | D:5      | Entered Level 5 of the Dungeon
  6564 | D:5      | Reached XP level 9. HP: 32/45 MP: 13/20
  7465 | D:5      | Reached skill level 8 in Spellcasting
  7907 | D:5      | Found a runed door.
  7921 | D:5      | Noticed Crazy Yiuf
  7923 | D:5      | Killed Crazy Yiuf
  8294 | D:6      | Found a glowing drain.
  8303 | Sewer    | Entered a sewer
  8758 | Sewer    | Reached skill level 1 in Maces & Flails
  8758 | Sewer    | Reached skill level 1 in Armour
  9022 | Sewer    | Found a white marble altar of Elyvilon.
  9305 | D:5      | Reached skill level 1 in Fighting
  9528 | D:6      | Found a staircase to the Ecumenical Temple.
  9534 | Temple   | Entered the Ecumenical Temple
  9543 | Temple   | Became a worshipper of Vehumet
 10343 | D:7      | Found Jetyfi's Assorted Antiques.
 10347 | D:7      | Bought a scroll labeled NOACKO AXAO for 27 gold pieces
 10406 | D:7      | Found Booxkygh's Gadget Shoppe.
 10483 | D:7      | Found Ciela's Jewellery Shoppe.
 10911 | D:7      | Found Miosomo's Book Emporium.
 11203 | D:7      | Reached XP level 10. HP: 34/54 MP: 13/22
 11504 | D:7      | Reached skill level 9 in Spellcasting
 11599 | D:7      | Found Ibbucady's General Store.
 12297 | D:7      | Reached * piety under Vehumet
 12297 | D:7      | Offered knowledge of Magic Dart by Vehumet.
 13262 | D:8      | Found a sand-covered staircase.
 14658 | D:10     | Entered Level 10 of the Dungeon
 14920 | D:10     | Reached XP level 11. HP: 62/62 MP: 24/24
 15078 | D:10     | Noticed a hill giant
 15082 | D:10     | Killed a hill giant
 15082 | D:10     | Reached skill level 10 in Spellcasting
 15140 | D:10     | Found a staircase to the Lair.
 15660 | D:10     | Reached ** piety under Vehumet
 15970 | D:10     | Offered knowledge of Throw Flame by Vehumet.
 16820 | D:11     | Noticed a manticore
 16908 | D:11     | Reached skill level 5 in Fighting
 17155 | D:11     | Reached skill level 5 in Armour
 17412 | D:11     | Killed a manticore
 17728 | D:11     | Noticed an eight-headed hydra
 17733 | D:11     | Killed an eight-headed hydra
 17733 | D:11     | Reached skill level 5 in Maces & Flails
 18343 | D:11     | Offered knowledge of Dazzling Spray by Vehumet.
 18419 | Lair:1   | Entered Level 1 of the Lair of Beasts
 18581 | Lair:1   | Noticed a harpy
 18581 | Lair:1   | a human changed into a harpy
 18584 | Lair:1   | Killed a harpy
 18658 | Lair:1   | Noticed Erica
 18721 | Lair:1   | Killed Erica
 18721 | Lair:1   | Reached XP level 12. HP: 57/69 MP: 17/26
 18780 | Lair:1   | Noticed Fannar
 18790 | Lair:1   | Killed Fannar
 18790 | Lair:1   | Reached skill level 10 in Earth Magic
 19047 | Lair:1   | Found a frozen archway.
 19083 | Lair:1   | Reached skill level 11 in Spellcasting
 19540 | Lair:1   | Reached *** piety under Vehumet
 19540 | Lair:1   | Reached skill level 5 in Dodging
 20524 | Lair:2   | Found a staircase to the Snake Pit.
 21413 | Lair:3   | Offered knowledge of Mephitic Cloud by Vehumet.
 21416 | Lair:3   | Noticed a seven-headed hydra
 21961 | Lair:3   | Learned a level 3 spell: Mephitic Cloud
 22412 | Lair:3   | Reached XP level 13. HP: 50/76 MP: 28/28
 23808 | Lair:4   | Reached **** piety under Vehumet
 24036 | Lair:4   | Noticed Rupert
 24073 | Lair:4   | Slain by Rupert

Skill      XL: |  1  2  3  4  5  6  7  8  9 10 11 12 13 |
---------------+----------------------------------------+-----
Earth Magic    | 4 5 6 7 8 9 10 | 10.8
Spellcasting   | 3 4 5 6 7 8 9 10 11 | 11.9
Conjurations   | 1 2 3 4 5 6 7 8 9 |  9.3
Maces & Flails | 2 4 5 6 |  6.9
Armour         | 2 4 5 6 7 |  7.0
Fighting       | 2 4 5 7 |  7.3
Dodging        | 2 3 4 5 6 |  6.0
Stealth        | |  2.1
Transmutations | |  0.7

Action                   |  1- 3 |  4- 6 |  7- 9 | 10-12 | 13-15 || total
-------------------------+-------+-------+-------+-------+-------++-------
Melee: Short sword       |    65 |    31 |   159 |       |       ||   255
       Quarterstaff      |       |       |   158 |   350 |   145 ||   653
 Cast: Sandblast         |    23 |    51 |    63 |       |       ||   137
       Stone Arrow       |       |       |    85 |   283 |    39 ||   407
       Lee's Rapid Decon |       |       |     1 |    18 |     2 ||    21
       Mephitic Cloud    |       |       |       |     5 |     5 ||    10
Evoke: Wand              |       |     2 |     2 |     7 |     1 ||    12
  Use: Scroll            |       |     6 |    14 |    12 |     3 ||    35
       Potion            |       |     1 |     6 |       |     6 ||    13
 Stab: Sleeping          |     1 |       |     6 |     1 |       ||     8
       Paralysed         |       |       |     4 |       |     1 ||     5
       Petrified         |       |       |     3 |       |       ||     3
       Distracted        |       |       |     1 |       |       ||     1
       Petrifying        |       |       |     1 |       |       ||     1
  Eat: Chunk             |     2 |     4 |    17 |    24 |     4 ||    51
       Fruit             |     1 |     1 |     3 |    11 |       ||    16
       Beef jerky        |       |       |     1 |     3 |     1 ||     5
       Bread ration      |       |       |     1 |       |       ||     1
       Pizza             |       |       |     1 |       |       ||     1
Armor: Robe              |    31 |    16 |   177 |   265 |   108 ||   597
       Skin              |       |       |    21 |       |       ||    21
Dodge: Dodged            |    67 |    24 |   248 |   452 |   215 ||  1006
